 Dungeon Crawl Stone Soup version 0.27.1-1-g398f81649c (webtiles) character file.

Game seed: 6676705094863525700

457 Autumnman the Chopper (level 6, -4/57 HPs)
             Began as a Minotaur Berserker on Sept 11, 2021.
             Was a Priest of Trog.
             Shot with an arrow by a centaur (10 damage)
             ... on level 5 of the Dungeon.
             The game lasted 00:08:39 (3335 turns).

Autumnman the Chopper (Minotaur Berserker)          Turns: 3335, Time: 00:08:39

Health: -4/57      AC:  9    Str: 24    XL:     6   Next: 77%
Magic:  0/5        EV:  9    Int:  4    God:    Trog [***...]
Gold:   218        SH:  0    Dex: 15    Spells: 5/5 levels left

rFire    . . .     SeeInvis .   a - +0 hand axe
rCold    . . .     Faith    .   (no shield)
rNeg     . . .     Spirit   +   k - +0 chain mail
rPois    .         Reflect  .   (helmet restricted)
rElec    .         Harm     .   (no cloak)
rCorr    .         Rampage  .   (no gloves)
Will     .....                  (no boots)
Stlth    ..........             l - amulet of guardian spirit
HPRegen  0.19/turn              i - +6 ring of dexterity
MPRegen  0.09/turn              j - +4 ring of slaying

@: silenced
A: horns 2, retaliatory headbutt
a: Renounce Religion


You were on level 5 of the Dungeon.
You worshipped Trog.
Trog was most pleased with you.
You visited 1 branch of the dungeon, and saw 5 of its levels.

You collected 218 gold pieces.

Inventory:

Hand Weapons
 a - a +0 hand axe (weapon)
 x - a +0 spear
Armour
 b - a +0 animal skin
 d - a +0 leather armour
 k - a +0 chain mail (worn)
Jewellery
 c - a ring of resist corrosion
 i - a +6 ring of dexterity (left hand)
 j - a +4 ring of slaying (right hand)
 l - an amulet of guardian spirit (around neck)
 t - a ring of poison resistance
 u - a ring of magical power
Scrolls
 o - 2 scrolls of teleportation
 q - a scroll of vulnerability {unknown}
 s - a scroll of fear {unknown}
 y - a scroll of noise {unknown}
Potions
 e - 2 potions of resistance
 f - a potion of brilliance {unknown}
 g - a potion of haste {unknown}
 n - a potion of attraction {unknown}
 r - a potion of flight {unknown}
 v - a potion of curing {unknown}
 w - a potion of degeneration {unknown}
 z - 2 potions of invisibility {unknown}


   Skills:
 * Level 5.7 Fighting
 * Level 6.4 Axes
 * Level 5.2 Armour
 - Level 2.1 Dodging
 + Level 0.7 Stealth


You had 5 spell levels left.
You didn't know any spells.
Your spell library was empty.

Dungeon Overview and Level Annotations

Branches:
Dungeon (5/15)             Temple (0/1) D:4

Altars:
Vehumet


Innate Abilities, Weirdness & Mutations

You have a pair of horns on your head.
You reflexively headbutt those who attack you in melee.


Message History

The jackal barely misses you. You furiously retaliate!
You headbutt the jackal.
The centaur wields a +2 vorpal shortbow.
The centaur shoots an arrow.
The arrow misses you.
You hit the jackal but do no damage. You slash the jackal!
You kill the jackal!
Trog accepts your kill.
The centaur shoots an arrow.
The arrow closely misses you. The jackal closely misses you.
The jackal bites you.
Okay, then.
You barely miss the jackal. You headbutt the jackal.
You kill the jackal!
Trog accepts your kill.
You slash the jackal!
You kill the jackal!
Trog accepts your kill.
The centaur shoots an arrow.
The arrow hits you.
You hit the quokka.
The quokka is moderately wounded.
The centaur shoots an arrow.
The arrow hits you!
The quokka bites you but does no damage.
You slash the quokka!
You kill the quokka!
Trog accepts your kill.
The centaur shoots an arrow.
The arrow hits you.
The centaur shoots an arrow.
The arrow barely misses you.
Found a scroll labelled SEAFRU FUIJ.
The orc warrior closely misses you.
You slash the orc warrior! You headbutt the orc warrior.
The orc warrior is heavily wounded.
The centaur shoots an arrow.
The arrow misses you.
The centaur shoots an arrow.
The arrow hits you.
The orc warrior hits you but does no damage.
You hit the orc warrior but do no damage.
The orc warrior is heavily wounded.
The orc warrior hits you with a +0 war axe!
You hit the orc warrior.
The orc warrior is heavily wounded.
The centaur shoots an arrow.
The arrow hits you!
* * * LOW HITPOINT WARNING * * *
x2 The centaur shoots an arrow.
The arrow hits you!
You die...

.. #..?....# .
.. ........+ ..
.##........+
...#..#.......#
.......c......#
..............#
......o......#
.......@.†..#
.........†.##
..........##
#........##
####++####


You could see an orc warrior and a centaur.

Vanquished Creatures
  Sigmund (D:2)
  A hound (D:2)
  A bullfrog skeleton (D:3)
  An orc wizard (D:4)
  An iguana (D:4)
  3 gnolls (D:5)
  5 adders
  A worm (D:3)
  3 dart slugs
  14 orcs
  9 endoplasms
  6 giant cockroaches
  5 goblins
  4 hobgoblins
  5 jackals
  4 quokkas
  4 ball pythons
  4 bats
  3 frilled lizards
  4 kobolds
  9 rats
88 creatures vanquished.

Notes
Turn   | Place    | Note
-------+----------+-------------------------------------------
     0 | D:1      | Autumnman the Minotaur Berserker began the quest for the
                  | Orb.
     0 | D:1      | Reached XP level 1. HP: 19/19 MP: 0/0
   413 | D:1      | Reached XP level 2. HP: 27/27 MP: 1/1
   564 | D:1      | Reached skill level 4 in Axes
  1350 | D:2      | Reached XP level 3. HP: 26/33 MP: 2/2
  1684 | D:2      | Noticed Sigmund
  1690 | D:2      | Killed Sigmund
  1691 | D:2      | Reached skill level 5 in Fighting
  1691 | D:2      | Reached skill level 5 in Axes
  1691 | D:2      | Reached XP level 4. HP: 42/42 MP: 3/3
  1691 | D:2      | Reached XP level 5. HP: 48/48 MP: 4/4
  1825 | D:2      | Found a faded altar of an unknown god.
  2008 | D:3      | Reached ** piety under Trog
  2050 | D:3      | Reached XP level 6. HP: 55/56 MP: 5/5
  2742 | D:4      | Reached skill level 6 in Axes
  2810 | D:4      | Found a staircase to the Ecumenical Temple.
  2859 | D:4      | Found a radiant altar of Vehumet.
  2887 | D:4      | Reached skill level 5 in Armour
  3042 | D:4      | Reached *** piety under Trog
  3156 | D:5      | Entered Level 5 of the Dungeon
  3327 | D:5      | Noticed an orc warrior
  3335 | D:5      | Shot with an arrow by a centaur

Illustrated notes

Levels and vault maps discovered:
D:1:      lemuel_arrival_hallway, layout_basic
D:2:      layout_loops_ring, ebering_ecumenical_altar_box, uniq_sigmund
D:3:      layout_loops_ring, guppyfry_early_orc_mine
D:4:      layout_cave_pools, vehumet_crystals, minmay_temple_entry_from_below_a
D:5:      kennysheep_big_flooded_room, layout_gridville, lightli_temple_of_fire,
          kennysheep_generic_room_9

Skill      XL: |  1  2  3  4  5  6 |
---------------+-------------------+-----
Axes           | 4 5 6 |  6.4
Fighting       | 4 5 |  5.7
Armour         | 4 5 |  5.2
Dodging        | |  2.1
Stealth        | |  0.7

Action                   |  1- 3 |  4- 6 || total
-------------------------+-------+-------++-------
Melee: Hand axe          |    58 |    74 ||   132
       Headbutt          |    12 |    17 ||    29
Invok: Berserk           |     1 |     4 ||     5
  Use: Scroll            |       |     4 ||     4
Armor: Leather armour    |    14 |       ||    14
       Chain mail        |     1 |    25 ||    26
Dodge: Dodged            |    43 |    44 ||    87
